[Event "11th LCC FIDE Open 2019"]
[Site "London"]
[Date "2019.12.03"]
[Round "6.8"]
[White "Czerw, Dawid"]
[Black "Flear, Glenn C"]
[Result "0-1"]
[ECO "E04"]
[WhiteElo "2255"]
[BlackElo "2463"]
[Annotator "RC"]
[PlyCount "100"]
[EventDate "2019.11.29"]
[EventType "swiss"]
[EventCountry "ENG"]
[SourceTitle "playchess.com"]
[Source "ChessBase"]
[SourceQuality "1"]
[TimeControl "40/5400+30:1800+30"]

1. d4 Nf6 2. c4 e6 3. Nf3 d5 4. g3 dxc4 5. Bg2 Bd7 6. Ne5 Bc6 7. Nxc6 Nxc6 8. Bxc6+ bxc6 9. O-O c5 10. Qa4+ Qd7 11. Qxc4 cxd4 12. Rd1 c5 13. e3 Rc8 14. Na3 e5 15. exd4 cxd4 16. Qe2 Bxa3 17. bxa3 Qd5 18. Bb2 O-O 19. f4 Nd7 20. fxe5 Nxe5 21. Rf1 f6 22. Rad1 Rc4 23. Rf4 d3 24. Qg2 Qxg2+ 25. Kxg2 Rc2+ 26. Rf2 Ng4 27. Rxc2 dxc2 28. Rd4 Rb8 29. Bc1 Ne5 30. Rd2 Rc8 31. Kf2 Kf7 32. Ke2 Ke6 33. Rd4 h5 34. Ra4 Rd8 35. Rxa7 Rd1 36. Rxg7 Rxc1 37. Kd2 Ra1 38. Kxc2 Rxa2+ 39. Kb3 Rxh2 40. a4 Rg2 41. a5 h4 42. a6 Rxg3+ 43. Rxg3 hxg3 44. a7 g2 45. a8=Q g1=Q 46. Qc8+ Kf7 47. Qc7+ Kg6 48. Qc2+ Kg5 49. Qd2+ Kf5 50. Qc2+ Kf4 0-1

[Event "11th LCC FIDE Open 2019"]
[Site "London"]
[Date "2019.12.03"]
[Round "6.21"]
[White "Sedykh, Mikhail"]
[Black "Cox, John J"]
[Result "1/2-1/2"]
[ECO "A67"]
[WhiteElo "2134"]
[BlackElo "2306"]
[Annotator "RC"]
[PlyCount "86"]
[EventDate "2019.11.29"]
[EventType "swiss"]
[EventCountry "ENG"]
[SourceTitle "playchess.com"]
[Source "ChessBase"]
[SourceQuality "1"]
[TimeControl "40/5400+30:1800+30"]

1. d4 Nf6 2. c4 c5 3. d5 e6 4. Nc3 exd5 5. cxd5 d6 6. e4 g6 7. f4 Bg7 8. Bb5+ Nfd7 9. a4 Qh4+ 10. g3 Qd8 11. Nf3 O-O 12. O-O a6 13. Bc4 Nb6 14. Be2 Bg4 15. a5 Nc8 16. Be3 Nd7 17. Ng5 Bxe2 18. Qxe2 h6 19. Nf3 f5 20. e5 dxe5 21. fxe5 Nxe5 22. Nxe5 Bxe5 23. Bxc5 Re8 24. Qd2 Qg5 25. Qxg5 hxg5 26. Rae1 Na7 27. Rf2 Bxc3 28. Rxe8+ Rxe8 29. bxc3 Nb5 30. c4 Nc3 31. Rc2 Ne4 32. Bb6 Nf6 33. Bd4 Kf7 34. Rb2 Re7 35. Bxf6 Kxf6 36. Rb6+ Ke5 37. Rxg6 g4 38. Kf2 Rc7 39. Re6+ Kd4 40. d6 Rd7 41. Re7 Rxd6 42. Rxb7 Kxc4 43. Rb6 Rd2+ 1/2-1/2

[Event "11th LCC FIDE Open 2019"]
[Site "London"]
[Date "2019.12.03"]
[Round "6.22"]
[White "Risting, Eivind Olav"]
[Black "Bucher, Grant W"]
[Result "1-0"]
[ECO "A40"]
[WhiteElo "2298"]
[BlackElo "2121"]
[Annotator "ChessBase"]
[PlyCount "63"]
[EventDate "2019.11.29"]
[EventType "swiss"]
[EventCountry "ENG"]
[SourceTitle "playchess.com"]
[Source "ChessBase"]
[SourceQuality "1"]
[TimeControl "40/5400+30:1800+30"]

1. c4 b6 2. d4 Bb7 3. Nc3 f5 4. f3 Nf6 5. Bg5 e6 6. e3 Bb4 7. Qc2 O-O 8. Bd3 c5 9. a3 Bxc3+ 10. Qxc3 d6 11. Ne2 h6 12. Bh4 Qd7 13. O-O Na6 14. b4 Rae8 15. Rad1 Qc8 16. Bg3 e5 17. dxe5 dxe5 18. b5 Nb8 19. Bxe5 Qe6 20. Bg3 Qxe3+ 21. Bf2 Qe5 22. Qc2 Nh5 23. Rfe1 Qf6 24. Ng3 Nxg3 25. Bxg3 Rxe1+ 26. Bxe1 Nd7 27. Bxf5 Ne5 28. Be4 Bxe4 29. Qxe4 Qf4 30. Qxf4 Rxf4 31. Bg3 Rf5 32. Rd5 1-0

[Event "11th LCC FIDE Open 2019"]
[Site "London"]
[Date "2019.12.03"]
[Round "6.23"]
[White "Balaji, Aaravamudhan"]
[Black "Wu, Li"]
[Result "0-1"]
[ECO "E91"]
[WhiteElo "2080"]
[BlackElo "2293"]
[Annotator "ChessBase"]
[PlyCount "78"]
[EventDate "2019.11.29"]
[EventType "swiss"]
[EventCountry "ENG"]
[SourceTitle "playchess.com"]
[Source "ChessBase"]
[SourceQuality "1"]
[TimeControl "40/5400+30:1800+30"]

1. d4 Nf6 2. c4 c5 3. d5 g6 4. Nc3 Bg7 5. e4 d6 6. Be2 O-O 7. Nf3 Na6 8. O-O e5 9. Ne1 Nd7 10. a3 f5 11. Nd3 Nf6 12. f3 f4 13. Rb1 g5 14. b4 Nd7 15. Bd2 Rf6 16. g4 h5 17. h3 Rh6 18. Kg2 Bf8 19. Rh1 Nf6 20. Na4 Qe8 21. Qb3 b6 22. b5 Nb8 23. Nc3 Be7 24. a4 Bd8 25. Ra1 Nbd7 26. Qd1 Qg6 27. Nc1 a5 28. bxa6 Rxa6 29. Nb5 Ne8 30. Nb3 Ndf6 31. Bd3 Qh7 32. Be2 Ra8 33. a5 bxa5 34. Bxa5 hxg4 35. hxg4 Nxg4 36. fxg4 Rxh1 37. Qxh1 Qxe4+ 38. Kh3 Qxe2 39. Bxd8 Bxg4# 0-1

[Event "11th LCC FIDE Open 2019"]
[Site "London"]
[Date "2019.12.03"]
[Round "6.24"]
[White "Van Zyl-Rudd, Jack"]
[Black "Tanmay, Chopra"]
[Result "1-0"]
[ECO "E32"]
[WhiteElo "2290"]
[BlackElo "2082"]
[Annotator "NA"]
[PlyCount "47"]
[EventDate "2019.11.29"]
[EventType "swiss"]
[EventCountry "ENG"]
[SourceTitle "playchess.com"]
[Source "ChessBase"]
[SourceQuality "1"]
[TimeControl "40/5400+30:1800+30"]

1. d4 Nf6 2. c4 e6 3. Nc3 Bb4 4. Qc2 O-O 5. e4 d5 6. e5 Ne4 7. Bd3 c5 8. Nf3 cxd4 9. Nxd4 Nd7 10. Bf4 Ndc5 11. O-O Bxc3 12. bxc3 Bd7 13. Be2 Na4 14. cxd5 exd5 15. f3 Nexc3 16. Bd3 Kh8 17. Qd2 Qb6 18. Be3 Qc7 19. f4 b5 20. f5 Qxe5 21. Nf3 Qc7 22. f6 g6 23. Bd4 Rg8 24. Qh6 1-0

[Event "11th LCC FIDE Open 2019"]
[Site "London"]
[Date "2019.12.03"]
[Round "6.25"]
[White "Pollack, Oscar"]
[Black "Cumming, Rhys"]
[Result "0-1"]
[ECO "C78"]
[WhiteElo "2112"]
[BlackElo "2284"]
[Annotator "ChessBase"]
[PlyCount "58"]
[EventDate "2019.11.29"]
[EventType "swiss"]
[EventCountry "ENG"]
[SourceTitle "playchess.com"]
[Source "ChessBase"]
[SourceQuality "1"]
[TimeControl "40/5400+30:1800+30"]

1. e4 e5 2. Nf3 Nc6 3. Bb5 a6 4. Ba4 Nf6 5. O-O Bc5 6. c3 b5 7. Bb3 d6 8. h3 O-O 9. d4 Bb6 10. a4 Bb7 11. d5 Ne7 12. Re1 h6 13. Nbd2 c6 14. dxc6 Bxc6 15. Bc2 Qc7 16. Nf1 Rae8 17. Ng3 d5 18. a5 Ba7 19. exd5 Bxd5 20. Be3 Bxe3 21. Rxe3 Bb7 22. Qe1 Ned5 23. Rxe5 Nf4 24. Qe3 Nxg2 25. Rxe8 Nxe3 26. Rxe3 Nd5 27. Re4 Nxc3 28. Re3 Nd5 29. Rc1 Qxa5 0-1

[Event "11th LCC FIDE Open 2019"]
[Site "London"]
[Date "2019.12.03"]
[Round "6.26"]
[White "Rogacewicz, Mikolaj"]
[Black "Blackburn, Jonathan Lb"]
[Result "0-1"]
[ECO "E81"]
[WhiteElo "1921"]
[BlackElo "2240"]
[Annotator "ChessBase"]
[PlyCount "72"]
[EventDate "2019.11.29"]
[EventType "swiss"]
[EventCountry "ENG"]
[SourceTitle "playchess.com"]
[Source "ChessBase"]
[SourceQuality "1"]
[TimeControl "40/5400+30:1800+30"]

1. d4 Nf6 2. c4 d6 3. Nc3 g6 4. e4 Bg7 5. f3 O-O 6. Be3 a6 7. Bd3 c5 8. Nge2 Nc6 9. dxc5 dxc5 10. Bxc5 Nd7 11. Ba3 Nde5 12. Nc1 Be6 13. Nd5 b5 14. Qe2 Bxd5 15. cxd5 b4 16. Bxb4 Nxb4 17. Bb1 Rc8 18. O-O Qc7 19. Nb3 Nc2 20. Bxc2 Qxc2 21. Qxa6 Qxb2 22. Rf2 Rc2 23. Rxc2 Qxc2 24. Rc1 Qb2 25. h3 Bh6 26. Re1 Bf4 27. Qe2 Qc3 28. Rd1 Ra8 29. Kf2 h5 30. g3 Rxa2 31. Qxa2 Qxf3+ 32. Kg1 Qxd1+ 33. Kh2 Be3 34. Qa1 Nf3+ 35. Kg2 Qe2+ 36. Kh1 Qh2# 0-1

[Event "11th LCC FIDE Open 2019"]
[Site "London"]
[Date "2019.12.03"]
[Round "6.27"]
[White "McClement, Andrew"]
[Black "Eche, Sylvain"]
[Result "0-1"]
[ECO "B90"]
[WhiteElo "2226"]
[BlackElo "2054"]
[Annotator "ChessBase"]
[PlyCount "118"]
[EventDate "2019.11.29"]
[EventType "swiss"]
[EventCountry "ENG"]
[SourceTitle "playchess.com"]
[Source "ChessBase"]
[SourceQuality "1"]
[TimeControl "40/5400+30:1800+30"]

1. e4 c5 2. Nf3 d6 3. d4 cxd4 4. Nxd4 Nf6 5. Nc3 a6 6. Be3 e5 7. Nb3 Be7 8. f3 Be6 9. Qd2 O-O 10. O-O-O a5 11. Bb5 Na6 12. Kb1 Nc7 13. Bb6 Qb8 14. Nxa5 d5 15. Bxc7 Qxc7 16. exd5 Rfd8 17. Nc4 Nxd5 18. Nxd5 Rxd5 19. Qxd5 Bxd5 20. Rxd5 Bf6 21. a4 Rd8 22. Rhd1 Rxd5 23. Rxd5 e4 24. fxe4 Qxh2 25. Rd2 h5 26. Re2 h4 27. Bd7 b5 28. Bxb5 h3 29. Nd2 Qg1+ 30. Ka2 h2 31. Nf3 Qc1 32. e5 Bxe5 33. Nxe5 h1=Q 34. Bc4 Qa1+ 35. Kb3 Qhb1 36. c3 Qba2+ 37. Kb4 Qxa4+ 38. Kc5 Qa7+ 39. Kd5 Qd1+ 40. Ke4 Qe7 41. Bxf7+ Qxf7 42. Nxf7 Qxe2+ 43. Kd4 Kxf7 44. b4 Qb5 45. g3 Ke6 46. g4 Qd5+ 47. Ke3 Qc4 48. Kd2 Ke5 49. Kc2 Kf4 50. Kd2 Kxg4 51. Kc2 Kf4 52. Kd2 g5 53. Kc2 g4 54. Kd2 g3 55. b5 Qxb5 56. c4 Qxc4 57. Ke1 Qa2 58. Kd1 g2 59. Kc1 g1=Q# 0-1

[Event "11th LCC FIDE Open 2019"]
[Site "London"]
[Date "2019.12.03"]
[Round "6.28"]
[White "Ahn, Sungmin"]
[Black "Akots, Gabor"]
[Result "1/2-1/2"]
[ECO "C54"]
[WhiteElo "1780"]
[BlackElo "2221"]
[Annotator "ChessBase"]
[PlyCount "54"]
[EventDate "2019.11.29"]
[EventType "swiss"]
[EventCountry "ENG"]
[SourceTitle "playchess.com"]
[Source "ChessBase"]
[SourceQuality "1"]
[TimeControl "40/5400+30:1800+30"]

1. e4 e5 2. Nf3 Nc6 3. Bc4 Bc5 4. c3 Nf6 5. d4 exd4 6. e5 d5 7. Bb5 Ne4 8. cxd4 Bb6 9. Be3 O-O 10. Nc3 Bg4 11. h3 Bh5 12. Qc2 Nxc3 13. bxc3 Bg6 14. Bd3 Bxd3 15. Qxd3 f6 16. exf6 Qxf6 17. Ng5 Qf5 18. Kd2 Na5 19. Qxf5 Nc4+ 20. Kd3 Rxf5 21. Nf3 c6 22. Rab1 Re8 23. Rhe1 h6 24. Re2 Rf7 25. Rbe1 Rfe7 26. Bf4 Rxe2 27. Rxe2 Rxe2 {[%emt 0:02:08] Ke4} 1/2-1/2

[Event "11th LCC FIDE Open 2019"]
[Site "London"]
[Date "2019.12.03"]
[Round "6.29"]
[White "Papadiamandis, Elliot"]
[Black "Semprun Martinez, Fernando"]
[Result "1/2-1/2"]
[ECO "B33"]
[WhiteElo "2220"]
[BlackElo "2071"]
[Annotator "NA"]
[PlyCount "63"]
[EventDate "2019.11.29"]
[EventType "swiss"]
[EventCountry "ENG"]
[SourceTitle "playchess.com"]
[Source "ChessBase"]
[SourceQuality "1"]
[TimeControl "40/5400+30:1800+30"]

1. e4 c5 2. Nf3 Nc6 3. d4 cxd4 4. Nxd4 Nf6 5. Nc3 e5 6. Ndb5 d6 7. Bg5 a6 8. Na3 b5 9. Nd5 Be7 10. Bxf6 Bxf6 11. c4 b4 12. Nc2 O-O 13. Be2 a5 14. O-O Bg5 15. Qd3 Be6 16. Rad1 g6 17. a3 Rb8 18. axb4 axb4 19. b3 Qa5 20. Ra1 Qc5 21. Nc7 Bc8 22. Rfd1 Rd8 23. Qg3 Be7 24. Bg4 Bb7 25. Nd5 Ra8 26. Ncxb4 Nxb4 27. Nxe7+ Kf8 28. Nd5 Bxd5 29. exd5 h5 30. Be2 Nc2 31. Rxa8 Rxa8 32. Rb1 1/2-1/2

[Event "11th LCC FIDE Open 2019"]
[Site "London"]
[Date "2019.12.03"]
[Round "6.31"]
[White "Manfay, Mate"]
[Black "Yoon, Jacob D"]
[Result "1/2-1/2"]
[ECO "A13"]
[WhiteElo "2197"]
[BlackElo "2037"]
[Annotator "ChessBase"]
[PlyCount "97"]
[EventDate "2019.11.29"]
[EventType "swiss"]
[EventCountry "ENG"]
[SourceTitle "playchess.com"]
[Source "ChessBase"]
[SourceQuality "1"]
[TimeControl "40/5400+30:1800+30"]

1. c4 e6 2. Nf3 d5 3. g3 dxc4 4. Qa4+ Nd7 5. Bg2 a6 6. Qxc4 b5 7. Qb3 Rb8 8. d3 Bb7 9. O-O Ngf6 10. Rd1 Bd6 11. Nc3 O-O 12. e4 c5 13. a4 Bc6 14. axb5 axb5 15. Ra6 Rb6 16. Rxb6 Qxb6 17. Qc2 Ne5 18. Nxe5 Bxe5 19. Ne2 Bd6 20. h3 Bb7 21. Be3 Rc8 22. Rc1 h6 23. Nc3 Nd7 24. f4 Be7 25. Qb3 c4 26. Bxb6 cxb3 27. Be3 b4 28. Ne2 Rc2 29. Rxc2 bxc2 30. Kf1 Ba6 31. Nc1 Bc5 32. Ke2 Bxe3 33. Kxe3 Nc5 34. Bf1 Na4 35. Kd2 Nxb2 36. Kxc2 Na4 37. Kb3 Nc5+ 38. Kxb4 Nxe4 39. dxe4 Bxf1 40. h4 g5 41. hxg5 hxg5 42. Nb3 gxf4 43. gxf4 Bg2 44. Nc5 Kg7 45. Kc4 Kf6 46. Kd4 Bf1 47. Nd7+ Ke7 48. Ne5 Bb5 49. Nf3 1/2-1/2

[Event "11th LCC FIDE Open 2019"]
[Site "London"]
[Date "2019.12.03"]
[Round "6.32"]
[White "Abrahams, Daniel"]
[Black "Dias, Savin"]
[Result "1/2-1/2"]
[ECO "A37"]
[WhiteElo "2185"]
[BlackElo "1916"]
[Annotator "ChessBase"]
[PlyCount "109"]
[EventDate "2019.11.29"]
[EventType "swiss"]
[EventCountry "ENG"]
[SourceTitle "playchess.com"]
[Source "ChessBase"]
[SourceQuality "1"]
[TimeControl "40/5400+30:1800+30"]

1. c4 c5 2. g3 g6 3. Bg2 Bg7 4. Nc3 Nc6 5. Nf3 d6 6. O-O e6 7. e3 Nge7 8. d4 O-O 9. b3 e5 10. dxc5 dxc5 11. Bb2 Bg4 12. Qb1 Bf5 13. Ne4 Bxe4 14. Qxe4 f5 15. Qb1 h6 16. Rd1 Qc7 17. Ne1 Rad8 18. Nd3 b6 19. Qc2 g5 20. f4 e4 21. Bxg7 Kxg7 22. Qb2+ Kg6 23. Nf2 gxf4 24. gxf4 Kf7 25. Kh1 Rxd1+ 26. Rxd1 Rd8 27. Rg1 Rg8 28. Qe2 Qd6 29. Bh3 Rxg1+ 30. Kxg1 Kg7 31. Kf1 Nb4 32. a3 Nbc6 33. Qh5 Qf6 34. Qd1 Qc3 35. Qd7 Qc1+ 36. Nd1 Qxa3 37. Bxf5 Qxb3 38. Bxe4 Qxc4+ 39. Bd3 Qd5 40. Qg4+ Kf7 41. Nf2 Nb4 42. Be4 Qc4+ 43. Kg2 Nbd5 44. Qh5+ Kg8 45. Qxh6 Nxe3+ 46. Kf3 Nf1 47. Bh7+ Kf7 48. Ne4 Nxh2+ 49. Qxh2 Qd3+ 50. Kg2 Qe2+ 51. Nf2 Nd5 52. Bd3 Ne3+ 53. Kh1 Qe1+ 54. Qg1 Qxg1+ 55. Kxg1 1/2-1/2

[Event "11th LCC FIDE Open 2019"]
[Site "London"]
[Date "2019.12.03"]
[Round "6.33"]
[White "Grey, Nicholas D"]
[Black "Smith, Andrew P"]
[Result "0-1"]
[ECO "C41"]
[WhiteElo "1692"]
[BlackElo "2172"]
[Annotator "ChessBase"]
[PlyCount "44"]
[EventDate "2019.11.29"]
[EventType "swiss"]
[EventCountry "ENG"]
[SourceTitle "playchess.com"]
[Source "ChessBase"]
[SourceQuality "1"]
[TimeControl "40/5400+30:1800+30"]

1. e4 e5 2. Nf3 d6 3. d4 Nd7 4. Bc4 Qe7 5. Nc3 c6 6. a4 h6 7. O-O g6 8. Re1 Bg7 9. Be3 Ngf6 10. dxe5 dxe5 11. h3 O-O 12. Qd2 Kh7 13. Rad1 Nc5 14. Bd3 Rd8 15. Qe2 Nh5 16. Qf1 Nf4 17. Rd2 Nfxd3 18. cxd3 b6 19. b4 Nb3 20. Rb2 Qxb4 21. Reb1 Be6 22. Qe1 Rxd3 0-1

[Event "11th LCC FIDE Open 2019"]
[Site "London"]
[Date "2019.12.03"]
[Round "6.34"]
[White "Ogunshola, Olugbemiga (Ben)"]
[Black "Royal, Shreyas"]
[Result "0-1"]
[ECO "A13"]
[WhiteElo "2169"]
[BlackElo "1941"]
[Annotator "ChessBase"]
[PlyCount "48"]
[EventDate "2019.11.29"]
[EventType "swiss"]
[EventCountry "ENG"]
[SourceTitle "playchess.com"]
[Source "ChessBase"]
[SourceQuality "1"]
[TimeControl "40/5400+30:1800+30"]

1. c4 e6 2. Nf3 d5 3. e3 Nf6 4. b3 Nbd7 5. Bb2 Be7 6. Be2 dxc4 7. bxc4 b6 8. O-O Bb7 9. Qc2 O-O 10. d3 c5 11. Ne1 Qc7 12. Nc3 a6 13. f4 e5 14. f5 e4 15. dxe4 Bd6 16. Nf3 Ng4 17. e5 Ndxe5 18. Nd5 Bxd5 19. cxd5 Nxe3 20. Qe4 Nxf1 21. Nxe5 Rfe8 22. f6 Bxe5 23. Qg4 g6 24. Bxe5 Qxe5 0-1

[Event "11th LCC FIDE Open 2019"]
[Site "London"]
[Date "2019.12.03"]
[Round "6.37"]
[White "Ifalore, Michael"]
[Black "Hill, Alistair"]
[Result "0-1"]
[ECO "B40"]
[WhiteElo "2009"]
[BlackElo "2193"]
[Annotator "NA"]
[PlyCount "74"]
[EventDate "2019.11.29"]
[EventType "swiss"]
[EventCountry "ENG"]
[SourceTitle "playchess.com"]
[Source "ChessBase"]
[SourceQuality "1"]
[TimeControl "40/5400+30:1800+30"]

1. e4 c5 2. Nf3 e6 3. b3 b6 4. Bb2 Bb7 5. Bd3 Nc6 6. c3 d5 7. exd5 Qxd5 8. Qe2 Nf6 9. Na3 Be7 10. Nb5 Qd7 11. O-O O-O 12. Bc2 a6 13. Na3 b5 14. Rfd1 Rfd8 15. Rac1 Rac8 16. Bb1 Qc7 17. c4 b4 18. Nc2 e5 19. Nxe5 Bd6 20. Nxc6 Bxh2+ 21. Kh1 Qxc6 22. Ne3 Bb8 23. Rg1 Ne4 24. Nf5 Qc7 25. Nh6+ gxh6 26. Qg4+ Ng5 27. Qh4 Rxd2 28. Bf6 Rxf2 29. Bxg5 Qh2+ 30. Qxh2 Bxh2 31. Kxh2 hxg5 32. Kg3 Rd2 33. Rce1 Rcd8 34. Re5 h6 35. Rxc5 Re8 36. Rc7 Re3+ 37. Kh2 g4 0-1

[Event "11th LCC FIDE Open 2019"]
[Site "London"]
[Date "2019.12.03"]
[Round "6.39"]
[White "Brozel, Sacha"]
[Black "Sarpotdar, Amogh"]
[Result "1-0"]
[ECO "D34"]
[WhiteElo "2188"]
[BlackElo "2015"]
[Annotator "NA"]
[PlyCount "54"]
[EventDate "2019.11.29"]
[EventType "swiss"]
[EventCountry "ENG"]
[SourceTitle "playchess.com"]
[Source "ChessBase"]
[SourceQuality "1"]
[TimeControl "40/5400+30:1800+30"]

1. c4 Nf6 2. g3 e6 3. Bg2 d5 4. Nf3 c5 5. O-O Be7 6. d4 O-O 7. cxd5 exd5 8. Nc3 Nc6 9. Bg5 c4 10. Ne5 Be6 11. Nxc6 bxc6 12. b3 Qa5 13. Qd2 Bb4 14. Bxf6 gxf6 15. Rfc1 Ba3 16. Rc2 Rad8 17. Qf4 Bd6 18. Qc1 Bf5 19. e4 dxe4 20. Nxe4 Kg7 21. Nxd6 Rxd6 22. Rxc4 Qb6 23. Qf4 Rd5 24. Rac1 Be6 25. Rxc6 Qb4 26. Bxd5 Bxd5 27. Qxf6+ Kg8 1-0

[Event "11th LCC FIDE Open 2019"]
[Site "London"]
[Date "2019.12.03"]
[Round "6.41"]
[White "Mata, Adilson"]
[Black "Pasztor, Balazs"]
[Result "0-1"]
[ECO "C45"]
[WhiteElo "1928"]
[BlackElo "2166"]
[Annotator "ChessBase"]
[PlyCount "102"]
[EventDate "2019.11.29"]
[EventType "swiss"]
[EventCountry "ENG"]
[SourceTitle "playchess.com"]
[Source "ChessBase"]
[SourceQuality "1"]
[TimeControl "40/5400+30:1800+30"]

1. e4 e5 2. Nf3 Nc6 3. d4 exd4 4. Nxd4 Bc5 5. Nb3 Bb6 6. Nc3 Nf6 7. Bg5 h6 8. Bh4 d6 9. Bb5 Bd7 10. Qe2 g5 11. Bg3 Qe7 12. O-O-O O-O-O 13. h4 Ne5 14. Bxd7+ Nexd7 15. a4 a6 16. a5 Ba7 17. Nd4 Ne5 18. Nf5 Qe6 19. b3 Nc6 20. Rhe1 Bc5 21. Nd5 Nxd5 22. exd5 Ba3+ 23. Kb1 Qf6 24. c3 Qxf5+ 25. Ka2 Nb4+ 26. cxb4 Bxb4 27. Qe4 Qxe4 28. Rxe4 Bxa5 29. b4 f5 30. Rc4 b5 31. Rcd4 Bb6 32. R4d2 Rde8 33. Rc1 f4 34. Bh2 Re4 35. Kb3 Rhe8 36. Rcc2 Re1 37. f3 R8e3+ 38. Rc3 Rxc3+ 39. Kxc3 Be3 40. Ra2 gxh4 41. Kd3 Rh1 42. g4 hxg3 43. Bxg3 Rd1+ 44. Ke2 Rxd5 45. Be1 Kb7 46. Bc3 c5 47. Be1 c4 48. Bc3 Rh5 49. Kf1 d5 50. Bf6 d4 51. Rg2 Rh1+ 0-1

[Event "11th LCC FIDE Open 2019"]
[Site "London"]
[Date "2019.12.03"]
[Round "6.42"]
[White "Patel, Rishi"]
[Black "Stanisz, Patryk"]
[Result "0-1"]
[ECO "B20"]
[WhiteElo "1899"]
[BlackElo "2139"]
[Annotator "NA"]
[PlyCount "56"]
[EventDate "2019.11.29"]
[EventType "swiss"]
[EventCountry "ENG"]
[SourceTitle "playchess.com"]
[Source "ChessBase"]
[SourceQuality "1"]
[TimeControl "40/5400+30:1800+30"]

1. e4 c5 2. Ne2 a6 3. g3 d5 4. e5 Nc6 5. f4 Bg4 6. h3 Bf3 7. Rh2 d4 8. d3 g5 9. Nd2 Bd5 10. Bg2 gxf4 11. gxf4 e6 12. Ng3 Be7 13. Be4 Bh4 14. Rg2 Nge7 15. Nf3 Ng6 16. Nxh4 Qxh4 17. Qg4 Bxe4 18. dxe4 Rg8 19. Kd1 Qxg4+ 20. hxg4 Nh4 21. Rh2 Rxg4 22. Nh5 O-O-O 23. Rh1 d3 24. cxd3 Rxd3+ 25. Ke2 c4 26. Be3 Rg2+ 27. Bf2 Nd4+ 28. Kf1 Rf3 0-1

[Event "11th LCC FIDE Open 2019"]
[Site "London"]
[Date "2019.12.03"]
[Round "6.45"]
[White "Marusenko, Petr"]
[Black "Gaier, Walter"]
[Result "1-0"]
[ECO "D08"]
[WhiteElo "2085"]
[BlackElo "1750"]
[Annotator "NA"]
[PlyCount "69"]
[EventDate "2019.11.29"]
[EventType "swiss"]
[EventCountry "ENG"]
[SourceTitle "playchess.com"]
[Source "ChessBase"]
[SourceQuality "1"]
[TimeControl "40/5400+30:1800+30"]

1. d4 d5 2. c4 e5 3. dxe5 d4 4. Nf3 c5 5. e3 Nc6 6. exd4 cxd4 7. Bd3 f6 8. O-O Bg4 9. Re1 Be7 10. e6 Qa5 11. Nbd2 O-O-O 12. a3 Ne5 13. Be4 Bxe6 14. Nb3 Qa4 15. Bf4 Bd6 16. Bxb7+ Kb8 17. Bd5 Bg4 18. Nbxd4 Qxd1 19. Raxd1 Ne7 20. Bxe5 fxe5 21. Ne6 Rd7 22. Rd3 Nxd5 23. cxd5 Re8 24. Neg5 Bf5 25. Rde3 h6 26. Nxe5 Bxe5 27. Rxe5 Rxe5 28. Rxe5 Bg4 29. f3 Bh5 30. Ne4 Bf7 31. d6 Bg6 32. Rd5 Kc8 33. Nc5 Rd8 34. d7+ Kb8 35. Ne6 1-0

[Event "11th LCC FIDE Open 2019"]
[Site "London"]
[Date "2019.12.03"]
[Round "6.46"]
[White "Gopakumar, Siddharth"]
[Black "Wilks, Simon"]
[Result "1/2-1/2"]
[ECO "E20"]
[WhiteElo "1848"]
[BlackElo "2071"]
[Annotator "NA"]
[PlyCount "67"]
[EventDate "2019.11.29"]
[EventType "swiss"]
[EventCountry "ENG"]
[SourceTitle "playchess.com"]
[Source "ChessBase"]
[SourceQuality "1"]
[TimeControl "40/5400+30:1800+30"]

1. Nf3 Nf6 2. c4 e6 3. Nc3 Bb4 4. g3 O-O 5. Bg2 d5 6. cxd5 exd5 7. d4 c6 8. O-O h6 9. Qc2 Re8 10. a3 Bd6 11. Re1 Nbd7 12. e4 Nxe4 13. Nxe4 dxe4 14. Rxe4 Rxe4 15. Qxe4 Nf6 16. Qd3 Be6 17. Nd2 Be7 18. Ne4 Bd5 19. Nc3 Bxg2 20. Kxg2 Qd7 21. Be3 Rd8 22. b4 b6 23. Qc4 Nd5 24. Rc1 Qe6 25. Nxd5 cxd5 26. Qc7 Rd7 27. Qc8+ Kh7 28. Rc7 Rxc7 29. Qxc7 a6 30. Bf4 g5 31. Be5 f6 32. Qc2+ Kg7 33. Bb8 Bd8 34. a4 1/2-1/2

[Event "11th LCC FIDE Open 2019"]
[Site "London"]
[Date "2019.12.03"]
[Round "6.48"]
[White "Mugalu, Hassan"]
[Black "Dong, Bao Nghia"]
[Result "0-1"]
[ECO "A45"]
[WhiteElo "1836"]
[BlackElo "2217"]
[Annotator "ChessBase"]
[PlyCount "60"]
[EventDate "2019.11.29"]
[EventType "swiss"]
[EventCountry "ENG"]
[SourceTitle "playchess.com"]
[Source "ChessBase"]
[SourceQuality "1"]
[TimeControl "40/5400+30:1800+30"]

1. d4 Nf6 2. Bf4 c5 3. c3 e6 4. e3 cxd4 5. cxd4 Nd5 6. Bg3 Qb6 7. Qc2 Nc6 8. a3 f5 9. Nf3 f4 10. exf4 Nxd4 11. Nxd4 Qxd4 12. f5 Be7 13. Bd3 Bf6 14. Ra2 exf5 15. Bxf5 g6 16. Be4 O-O 17. O-O Re8 18. Bf3 d6 19. Nc3 Nxc3 20. bxc3 Qc5 21. Qa4 Be6 22. Re2 b5 23. Qa6 Rad8 24. Rd1 Bb3 25. Rxd6 Qxc3 26. Rxe8+ Rxe8 27. h3 Re1+ 28. Kh2 Qc1 29. Bf4 Qxf4+ 30. g3 Qxf3 0-1

[Event "11th LCC FIDE Open 2019"]
[Site "London"]
[Date "2019.12.03"]
[Round "6.49"]
[White "Ditmas, Hugh"]
[Black "Johnson, Daniel"]
[Result "1/2-1/2"]
[ECO "E17"]
[WhiteElo "1961"]
[BlackElo "2186"]
[Annotator "ChessBase"]
[PlyCount "63"]
[EventDate "2019.11.29"]
[EventType "swiss"]
[EventCountry "ENG"]
[SourceTitle "playchess.com"]
[Source "ChessBase"]
[SourceQuality "1"]
[TimeControl "40/5400+30:1800+30"]

1. d4 Nf6 2. c4 e6 3. Nf3 b6 4. g3 Bb7 5. Bg2 Be7 6. O-O O-O 7. d5 exd5 8. Nh4 c6 9. cxd5 Nxd5 10. Nf5 Nc7 11. e4 d5 12. Nc3 Bf6 13. Bf4 d4 14. e5 dxc3 15. exf6 Qxf6 16. Nxg7 Qxg7 17. Bxc7 cxb2 18. Rb1 Na6 19. Bf4 Nc5 20. Qh5 Rfe8 21. Bh6 Qc3 22. Be3 Ne6 23. Rfd1 Rad8 24. Rxd8 Rxd8 25. Be4 Qg7 26. Bh6 Qf6 27. Bxh7+ Kh8 28. Be4 Kg8 29. Bh7+ Kh8 30. Be4 Kg8 31. Bh7+ Kh8 32. Be4 1/2-1/2

[Event "11th LCC FIDE Open 2019"]
[Site "London"]
[Date "2019.12.03"]
[Round "6.51"]
[White "Chapman, Matt"]
[Black "Bates, Caspar J"]
[Result "1/2-1/2"]
[ECO "A48"]
[WhiteElo "1937"]
[BlackElo "2120"]
[Annotator "ChessBase"]
[PlyCount "68"]
[EventDate "2019.11.29"]
[EventType "swiss"]
[EventCountry "ENG"]
[SourceTitle "playchess.com"]
[Source "ChessBase"]
[SourceQuality "1"]
[TimeControl "40/5400+30:1800+30"]

1. d4 Nf6 2. Nf3 b6 3. Bf4 Bb7 4. Nbd2 g6 5. e3 c5 6. c3 Bg7 7. Bd3 cxd4 8. exd4 O-O 9. O-O d6 10. Re1 Nbd7 11. a4 Re8 12. Qc2 Rc8 13. Bg3 Nh5 14. a5 Nxg3 15. hxg3 e5 16. Qb3 exd4 17. Rxe8+ Qxe8 18. cxd4 Bxf3 19. Nxf3 bxa5 20. Qb7 Qd8 21. Qxa7 Nf6 22. Qxa5 Rc1+ 23. Bf1 Qxa5 24. Rxa5 Rb1 25. Ra8+ Bf8 26. Rb8 Ne4 27. g4 d5 28. g3 Kg7 29. Kg2 Ba3 30. Bd3 Rxb2 31. Rxb2 Bxb2 32. Bxe4 dxe4 33. Nd2 Bxd4 34. Nxe4 h6 1/2-1/2